Map: 环轨星港

Players

Quail - Winner!

  • Race: Protoss Protoss
  • League: Diamond

战略忽悠局

  • Race: Terran Terran
  • League: Platinum

VOD

Have the link to the VOD?

Description

Time

  • Played on: Dec. 7, 2015, 8:35 a.m.
  • Length: 14:11
Show
View Real Time Build Order
Export as new Build Order

Quail Protoss - Winner!

Build Orders: 1 Gate Expand 

Get SALT Encoding   

  12  0:01  Probe (Chrono Boost)  
  13  0:11  Probe (Chrono Boost)  
  14  0:18  Pylon  
  14  0:22  Probe (Chrono Boost)  
  15  0:36  Probe (Chrono Boost)  
  15  0:37  Gateway  
  16  0:47  Probe (Chrono Boost), Assimilator  
  17  1:11  Nexus  
  17  1:15  Probe (Chrono Boost)  
  18  1:27  Cybernetics Core  
  18  1:31  Probe (Chrono Boost)  
  19  1:41  Probe (Chrono Boost)  
  19  1:43  Assimilator  
  20  1:51  Pylon  
  20  1:52  Probe (Chrono Boost)  
  21  2:02  Probe (Chrono Boost)  
  22  2:09  Adept (Chrono Boost)  
  22  2:13  Mothership Core (Chrono Boost)  
  22  2:15  Warp Gate  
  26  2:25  Probe (Chrono Boost)  
  27  2:32  Probe  
  27  2:35  Probe  
  27  2:36  Adept (Chrono Boost)  
  31  2:44  Probe, Pylon  
  32  2:45  Probe  
  33  2:56  Probe x2  
  35  3:08  Probe  
  36  3:15  Probe  
  37  3:20  Probe  
  37  3:25  Probe  
  38  3:28  Gateway, Robotics Facility  
  38  3:32  Probe  
  40  3:36  Probe  
  40  3:37  Adept (Chrono Boost)  
  43  3:44  Probe  
  43  3:46  Probe  
  45  3:49  Pylon  
  45  3:54  Twilight Council  
  45  3:57  Pylon  
  45  4:03  Gateway x2  
  45  4:05  Adept (Chrono Boost)  
  45  4:07  Probe  
  45  4:08  Probe  
  49  4:15  Observer (Chrono Boost)  
  50  4:20  Probe  
  50  4:21  Probe  
  52  4:24  Assimilator  
  52  4:29  Assimilator  
  52  4:30  Probe  
  52  4:33  Probe  
  52  4:34  Warp Prism (Chrono Boost)  
  54  4:41  Probe, Forge  
  55  4:46  Probe  
  55  4:47  Pylon  
  55  4:51  Probe  
  55  4:52  Resonating Glaives (Chrono Boost)  
  56  4:58  Probe  
  58  5:02  Probe  
  58  5:05  Pylon  
  60  5:07  Observer  
  60  5:08  Forge  
  60  5:18  Adept  
  60  5:19  Probe  
  60  5:20  Probe  
  64  5:22  Adept x3  
  70  5:35  Photon Cannon  
  70  5:39  Nexus, Photon Cannon  
  70  5:46  Pylon  
  70  5:51  Templar Archives  
  70  5:57  Pylon  
  70  6:00  Protoss Ground Weapons Level 1  
  70  6:04  Photon Cannon  
  70  6:10  Photon Cannon  
  70  6:16  Adept  
  70  6:17  Adept x3  
  72  6:36  Psionic Storm  
  72  6:37  Probe  
  72  6:38  Probe  
  74  6:43  Immortal  
  74  6:45  Stalker x3  
  82  6:48  Adept  
  82  7:08  Stalker  
  82  7:09  Stalker x3  
  82  7:11  Blink (Chrono Boost)  
  90  7:21  Photon Cannon  
  86  7:24  Photon Cannon  
  86  7:26  Photon Cannon  
  86  7:34  Stargate x2  
  86  7:37  Adept x2  
  88  7:43  Probe  
  90  7:44  Probe  
  92  7:58  Pylon  
  92  8:00  High Templar  
  92  8:01  High Templar x3  
  100  8:18  Pylon  
  100  8:22  Gateway  
  100  8:24  Gateway  
  100  8:27  Gateway  
  100  8:36  Stalker x2  
  100  8:37  Stalker x2  
  100  8:41  Phoenix x2  
  112  8:53  Probe x2  
  112  8:54  Probe  
  115  8:57  Assimilator  
  115  9:02  Assimilator  
  105  9:06  Probe  
  83  9:17  Adept x4  
  68  9:37  Adept x3  
  74  9:46  Adept x3  
  73  9:54  Warp Prism  
  71  10:03  Void Ray x2 (Chrono Boost)  
  71  10:06  Probe x2  
  79  10:08  Probe  
  79  10:13  Adept x4  
  79  10:14  Adept  
  92  10:21  Pylon  
  72  10:39  High Templar x2  
  72  10:41  Adept x2  
  72  10:42  Adept x2  
  68  11:03  Adept x4  
  76  11:14  Adept  
  76  11:15  Adept  
  80  11:27  Adept x4  
  86  11:38  Adept x2  
  66  11:50  Adept x4  
  74  11:54  Void Ray (Chrono Boost)  
  76  12:06  Zealot x2  
  78  12:22  Adept x4  
  84  12:26  Void Ray (Chrono Boost)  
  90  12:32  Assimilator  
  90  12:34  Gateway  
  90  12:37  Gateway, Adept x2  
  93  12:49  High Templar  
  95  12:55  Void Ray (Chrono Boost)  
  95  12:57  Zealot x3  
  105  13:01  Probe x3  
  108  13:13  Probe x2  
  110  13:22  Void Ray (Chrono Boost)  
  114  13:27  High Templar  
  114  13:33  Pylon  
  116  13:44  Pylon  
  116  13:53  High Templar x2  
  116  13:54  High Templar x2  
  99  14:03  Adept x2  
  99  14:04  Adept  
  99  14:08  Adept  
Show
View Real Time Build Order
Export as new Build Order

战略忽悠局 Terran 

Build Orders: MMM Bio 

Get SALT Encoding   

  12  0:01  SCV  
  13  0:13  SCV  
  14  0:18  Supply Depot  
  14  0:23  Refinery  
  14  0:28  SCV  
  15  0:40  SCV  
  16  0:45  Barracks  
  16  0:53  SCV  
  17  1:04  Barracks  
  17  1:07  SCV  
  18  1:19  SCV  
  19  1:33  Reaper  
  19  1:34  Supply Depot  
  19  1:35  Orbital Command  
  20  1:51  Reaper  
  20  1:53  Refinery  
  21  2:03  SCV  
  21  2:08  Barracks Reactor  
  22  2:23  Command Center  
  22  2:25  Barracks Tech Lab  
  22  2:29  SCV  
  23  2:42  SCV  
  24  2:47  Supply Depot  
  24  2:51  Marine  
  24  2:52  Factory  
  24  2:53  Marine  
  24  2:57  Marine  
  27  3:10  Marine  
  27  3:11  Marine  
  27  3:12  SCV  
  27  3:24  Marine  
  26  3:30  SCV  
  26  3:32  Marine x2  
  29  3:39  Engineering Bay  
  29  3:43  Starport  
  29  3:44  Widow Mine  
  31  3:52  SCV x2  
  31  3:55  Marine  
  33  3:57  Marine  
  33  3:58  Marine  
  36  4:07  Terran Infantry Weapons Level 1  
  36  4:08  SCV  
  37  4:16  Marine  
  37  4:17  Marauder, Marine  
  38  4:23  Medivac  
  43  4:25  SCV  
  43  4:26  SCV  
  45  4:36  Marine x2  
  45  4:37  SCV  
  45  4:38  Marine  
  48  4:41  Combat Shields  
  49  4:47  Supply Depot  
  49  4:49  Widow Mine  
  49  4:51  Liberator  
  52  4:52  SCV  
  52  4:53  SCV  
  53  5:09  Marauder  
  53  5:10  Marine x2  
  60  5:16  Orbital Command  
  60  5:28  SCV  
  61  5:29  Barracks x2  
  61  5:32  Supply Depot  
  61  5:44  SCV  
  61  5:49  Factory Reactor  
  62  5:50  Barracks  
  62  5:53  Marine  
  62  5:54  SCV, Marauder, Marine  
  62  5:56  SCV  
  68  6:06  SCV  
  67  6:15  Marauder  
  66  6:30  Marine x2  
  68  6:36  Barracks Reactor, Barracks Tech Lab  
  68  6:37  Stimpack, Marauder  
  60  7:12  Marine x3  
  63  7:24  Barracks Reactor  
  63  7:25  Marine x2  
  63  7:26  Marauder  
  63  7:29  Marine  
  67  7:30  Marine  
  67  7:33  Supply Depot  
  69  7:43  Marine  
  70  7:46  Concussive Shells  
  70  7:54  Medivac x2, Marine  
  70  7:55  Marauder  
  77  7:59  Marine  
  78  8:07  Supply Depot  
  78  8:13  Factory Tech Lab  
  78  8:15  Command Center  
  78  8:23  Supply Depot  
  78  8:28  Marine x4  
  78  8:29  Marauder x2  
  86  8:35  Supply Depot  
  86  8:36  Marine x2  
  88  8:46  Marine x4  
  88  8:50  Marauder x2  
  88  8:54  Marine x2  
  88  9:04  Marine x4  
  80  9:11  Marauder x2, Marine x2  
  84  9:22  Marine x3  
  87  9:26  Marine  
  87  9:29  Marine  
  89  9:33  Marauder x2  
  89  9:39  Marine  
  89  9:40  Marine x2  
  89  9:44  Marine  
  81  9:54  Marauder  
  81  9:59  SCV x2  
  73  10:16  SCV x2  
  73  10:17  Marine x3  
  73  10:20  Supply Depot  
  78  10:24  Marine x3  
  77  10:38  Marine x2  
  77  10:39  Marauder  
  79  10:51  Marine x3  
  79  10:52  Marauder  
  79  10:53  Marine  
  79  10:56  Marine  
  86  10:58  SCV x2  
  86  10:59  SCV, Marine  
  86  11:00  Marauder  
  92  11:08  Marine  
  92  11:09  Marine  
  93  11:12  Marine x3  
  93  11:15  Marine  
  93  11:17  Marine  
  94  11:38  Marine x3  
  94  11:39  Marauder  
  63  11:52  Marine x2  
  63  11:53  Marine x2  
  65  11:56  Marine  
  65  12:00  Barracks, Marauder  
  68  12:08  SCV x2, Marine  
  67  12:09  Marine  
  67  12:10  Marine  
  67  12:11  Marauder  
  72  12:22  Marine, Marauder  
  74  12:23  Marine  
  74  12:26  SCV x2  
  74  12:27  SCV  
  79  12:35  Marine x2  
  79  12:36  Marauder  
  83  12:38  SCV  
  83  12:39  SCV  
  85  12:46  Marine x4  
  85  12:47  Marauder  
  91  12:55  SCV x3  
  94  13:07  SCV x2, Marine  
  94  13:08  Marine x4  
  94  13:09  Marauder  
  103  13:14  Marine  
  103  13:15  Marine x2  
  103  13:17  SCV  
  107  13:24  SCV x2  
  107  13:25  Marine x2  
  111  13:30  Marauder  
  113  13:35  Marine  
  113  13:36  SCV x2  
  113  13:37  Marine x2  
  113  13:38  Marauder, Marine x2  
Tags
 
Add a new tag
Caveats
  • Supply blocks, unpowered buildings, or Contaminate may cause inaccurate times.
  • Supply counts are checked every 10 seconds.